 Dungeon Crawl Stone Soup version 0.30.1-11-g7821555f0a (webtiles) character file.

Game seed: 13792469572451949790

95 booth the Trooper (level 4, -3/35 HPs)
             Began as a Demonspawn Fighter on Nov 11, 2023.
             Was a Follower of Okawaru.
             Slain by a gnoll
             ... wielding a +0 club
              (5 damage)
             ... on level 3 of the Dungeon.
             The game lasted 00:10:37 (2241 turns).

booth the Trooper (Demonspawn Fighter)              Turns: 2241, Time: 00:10:38

Health: -3/35      AC: 11    Str: 18 (19) XL:     4   Next: 39%
Magic:  4/4        EV:  9    Int:  8 (9)  God:    Okawaru [*.....]
Gold:   157        SH:  0    Dex: 11 (12) Spells: 3/3 levels left

rFire   . . .        a - +0 war axe
rCold   . . .        c - +0 buckler
rNeg    . . .        b - +0 scale mail
rPois   .            m - +0 helmet {SInv}
rElec   .            (no cloak)
rCorr   .            (no gloves)
SInv    +            (no boots)
Will    .....        (no amulet) Stlth
                     (no ring)
HPRegen 0.25/turn    (no ring)
MPRegen 0.09/turn

%: no passive effects
@: confused, ambrosia-drunk
A: yellow scales 2
a: Renounce Religion, Heroism


You were on level 3 of the Dungeon.
You worshipped Okawaru.
Okawaru was aware of your devotion.
You visited 1 branch of the dungeon, and saw 3 of its levels.

You collected 157 gold pieces.

Inventory:

Hand Weapons
 a - a +0 war axe (weapon)
 l - a +0 mace
Missiles
 i - 7 poisoned darts (quivered)
Armour
 b - a +0 scale mail (worn)
 c - a +0 buckler (worn)
 k - a +0 chain mail
 m - a +0 helmet of see invisible (worn)
Scrolls
 j - a scroll of amnesia
 n - a scroll of teleportation
 o - a scroll of fear {unknown}
Potions
 d - a potion of might
 e - 4 potions of lignification
 f - a potion of heal wounds {unknown}
 h - 2 potions of curing


   Skills:
 + Level 3.5 Fighting
 * Level 2.9 Axes
 + Level 3.2 Armour
 + Level 3.2 Shields


You had 3 spell levels left.
You didn't know any spells.
Your spell library contained the following spells:

 Spells                   Type           Power      Damage    Failure   Level
 Necrotise                Necr           0%         1d4       86%         1
 Vampiric Draining        Necr           0%         2d6       99%         3
 Agony                    Necr           0%         N/A       100%        5
 Storm Form               Tmut/Air       0%         N/A       100%        7
 Maxwell's Capacitive Co  Air            0%         ∞         100%        8
 Summon Lightning Spire   Summ/Air       Unusable   N/A       N/A         4

Dungeon Overview and Level Annotations

Branches:
Dungeon (3/15)

Altars:
Okawaru

Shops:
D:3 *


Innate Abilities, Weirdness & Mutations

You are mostly covered in yellow scales. (AC +3)


Message History

You slash the worm!
You kill the worm!
Okawaru accepts your kill.
You see here a worm corpse.
A gnoll comes into view. It is wielding a +0 whip.
The gnoll shouts!
A gnoll comes into view. It is wielding a +0 halberd.
A gnoll comes into view. It is wielding a +0 club.
The gnoll shouts!
You hear a shout!
The gnoll hits you with a +0 whip.
A gnoll comes into view.
It is wielding a +0 flail of protection.
You closely miss the gnoll. The gnoll hits you but does no damage.
The gnoll closely misses you.
The gnoll hits you from afar with a +0 halberd!
The gnoll hits you with a +0 whip. The gnoll hits you but does no damage.
The gnoll barely misses you.
There is a stone staircase leading down here.
You hit the gnoll.
The gnoll is lightly wounded.
You hit the gnoll. x2; The gnoll hits you but does no damage.
The gnoll barely misses you. The gnoll hits you with a +0 halberd!
You slash the gnoll!
The gnoll is severely wounded.
You closely miss the gnoll. You hit the gnoll. You block the gnoll's attack. x2
You closely miss the gnoll.
The gnoll is severely wounded.
You barely miss the gnoll. x2; You hit the gnoll but do no damage.
The gnoll barely misses you. x2; The gnoll hits you with a +0 halberd!
* * * LOW HITPOINT WARNING * * *
The gnoll barely misses you. The gnoll hits you but does no damage.
The gnoll closely misses you. The gnoll hits you but does no damage.
The gnoll hits you with a +0 halberd.
* * * LOW HITPOINT WARNING * * *
It was a potion of ambrosia.
You are confused.
You feel invigorated.
The gnoll hits you with a +0 flail of protection.
* * * LOW HITPOINT WARNING * * *
The gnoll barely misses you. x2; The gnoll hits you with a +0 club.
You die...

##.......## ......(...
..# #.......# #.#
#####.......####.## #
..................#.#
..................#.####
......ggg...............
......g@................
......####...†..........
..... #...###'#......
.... #...# #.#...... ...
#...# #.#...... .. #...#
#.#...... . ##### #.#
#)## #.# #... #.# ####


You could see 4 gnolls.

Vanquished Creatures
  Robin (D:2)
  2 adders (D:2)
  A worm (D:3)
  4 dart slugs
  3 ball pythons
  4 bats
  3 endoplasms
  14 goblins
  5 hobgoblins
  5 quokkas
  2 frilled lizards
  3 kobolds
  2 rats
49 creatures vanquished.

Notes
Turn   | Place    | Note
-------+----------+-------------------------------------------
     0 | D:1      | booth the Demonspawn Fighter began the quest for the Orb.
     0 | D:1      | Reached XP level 1. HP: 18/18 MP: 1/1
   275 | D:1      | Gained mutation: You are partially covered in yellow
                  | scales. (AC +2) [demonic ancestry]
   275 | D:1      | Reached XP level 2. HP: 18/24 MP: 2/2
  1125 | D:2      | Gained mutation: You are mostly covered in yellow scales.
                  | (AC +3) [demonic ancestry]
  1125 | D:2      | Reached XP level 3. HP: 27/29 MP: 3/3
  1143 | D:2      | Noticed Robin
  1161 | D:2      | Killed Robin
  1560 | D:2      | Reached XP level 4. HP: 35/35 MP: 4/4
  1630 | D:2      | Found a faded altar of an unknown god.
  1635 | D:2      | Prayed at the altar of an unknown god.
  1635 | D:2      | Became a worshipper of Warmaster Okawaru
  1635 | D:2      | Reached * piety under Okawaru
  2183 | D:3      | Found Zin's Purification Station.
  2241 | D:3      | Slain by a gnoll

Illustrated notes

Levels and vault maps discovered:
D:1:      sevenhm_arrival_forest_fort_large_2, layout_basic,
          serial_corexii_hall, corexii_hall_statues_x,
          chequers_hall_statues_wall_a
D:2:      layout_loops_ring, basic_altar, chequers_ecumenical_altar_grove,
          st_stairs_12, moated_statue, uniq_robin
D:3:      layout_basic, zin_purify, grunt_decor_junction, uniq_ijyb,
          uniq_natasha

Skill      XL: |  1  2 |
---------------+-------+-----
Axes           | 2 |  2.9
Armour         | 3 |  3.2
Shields        | 3 |  3.2
Fighting       | |  3.5

Action                     |  1- 3 |  4- 6 || total
---------------------------+-------+-------++-------
  Melee: War axe           |   100 |    33 ||   133
  Throw: Dart              |     4 |       ||     4
    Use: Scroll            |     4 |     2 ||     6
         Potion            |       |     3 ||     3
 Armour: Scale mail        |    51 |    24 ||    75
  Dodge: Dodged            |    38 |    14 ||    52
  Block: Buckler           |    19 |     8 ||    27
